 Dungeon Crawl Stone Soup version 0.14.0-24-gfb45beb (webtiles) character file.

197 DuloT34 the Firebug (level 4, -2/24 HPs)
             Began as a Deep Elf Fire Elementalist on Apr 24, 2014.
             Slain by a goblin
             ... wielding a +0,+0 whip
              (3 damage)
             ... on Level 2 of the Dungeon.
             The game lasted 00:06:34 (1842 turns).

DuloT34 the Firebug (Deep Elf Fire Elementalist)    Turns: 1842, Time: 00:06:34

HP  -2/24        AC  3     Str  6      XL: 4   Next: 26%
MP   0/13        EV 13     Int 20      God:
Gold 111         SH  0     Dex 15      Spells:  3 memorised,  3 levels left

rFire  . . .     SeeInvis .     j - +0 dagger
rCold  . . .     Clarity  .     a - +0 robe
rNeg   . . .     Conserve .     (no shield)
rPois  .         rCorr    +     o - +0 helmet
rElec  .         rRot     .     (no cloak)
SustAb . .       Spirit   .     (no gloves)
rMut   .         Warding  .     (no boots)
Saprov . . .     Stasis   .     i - amulet of resist corrosion
MR     .....                    (no ring)
                                (no ring)

@: confused, not resistant to hostile enchantments, very unstealthy
A: no striking features
a: no special abilities


You were on level 2 of the Dungeon.
You were near starving.

You visited 1 branch of the dungeon, and saw 2 of its levels.

You collected 111 gold pieces.

Inventory:

Hand weapons
 j - a +0,+0 dagger (weapon)
Missiles
 n - 5 darts of frost (quivered)
Armour
 a - a +0 robe (worn)
 o - a +0 helmet (worn)
Comestibles
 c - a bread ration
 l - 2 meat rations
 p - a pear
Scrolls
 f - a scroll of remove curse
 h - a scroll of recharging {unknown}
 k - a scroll of amnesia {unknown}
 q - a scroll of fog {unknown}
Jewellery
 i - an amulet of resist corrosion (around neck)
Potions
 d - a potion of confusion
 e - a potion of restore abilities
 g - 3 potions of heal wounds {unknown}
 m - a potion of curing {unknown}
Books
 b - a book of Flames

   Spells                             Type                      Level
   *Flame Tongue                      Conjuration/Fire             1
   *Throw Flame                       Conjuration/Fire             2
   *Conjure Flame                     Conjuration/Fire             3
   Inner Flame                        Hexes/Fire                   3
   Sticky Flame                       Conjuration/Fire             4
   Fireball                           Conjuration/Fire             5


   Skills:
 - Level 2.4 Dodging
 - Level 2.4 Stealth
 - Level 3.0 Spellcasting
 + Level 3.3 Conjurations
 + Level 4.5 Fire Magic


You had 3 spell levels left.
You knew the following spells:

 Your Spells              Type           Power        Failure   Level  Hunger
a - Flame Tongue          Conj/Fire      ###..        2%          1    None
b - Throw Flame           Conj/Fire      ###...       4%          2    ##.....
c - Conjure Flame         Conj/Fire      ###.....     10%         3    ###....


Dungeon Overview and Level Annotations

Branches:
Dungeon (2/15)

Altars:


Message History

The goblin hits you with a whip.
* * * LOW HITPOINT WARNING * * *
You hit the goblin.
The goblin is heavily wounded.
The goblin hits you with a whip.
* * * LOW HITPOINT WARNING * * *
Casting: Flame Tongue
Confirm with . or Enter, or press ? or * to list all spells.
Aiming: Flame Tongue
Press: ? - help, Shift-Dir - straight line, f - goblin
Aim: a goblin, wielding a whip and wearing a steam dragon armour (heavily wounded)
The flame tongue hits the goblin.
The goblin appears unharmed.
The goblin is heavily wounded.
Drink which item? (? for menu, Esc to quit)
You are confused.
It was a potion of confusion.
The goblin closely misses you.
Drink which item? (? for menu, Esc to quit)
You feel refreshed.
It was a potion of restore abilities.
The goblin hits you with a whip.
You die...

##..###.##.#.#....#.##.###...
.. ##.##.#.#....#.##.###...
.........'...........+...
...####.#....#.##.###... ###
#.######.##.###### #)#
####.......###
##(###.@...........
#.g.##.##.##.##.##.
#.@.♣≈.#..##.......
#...≈♣............P
#♣♣..≈♣♣...###....≈≈
♣≈...≈≈♣≈.........≈≈
#≈≈≈rPP(..≈≈♣♣.###.....≈
♣≈≈≈≈≈....≈≈≈♣ #....≈≈
≈≈≈≈≈≈....PP≈♣ #...P≈≈
♣≈≈≈≈≈≈..≈≈PP♣ #....≈≈
♣≈P≈≈≈≈..≈≈≈♣ #....≈.


You could see a goblin.

Vanquished Creatures
  Terence (D:2)
  4 adders (D:2)
  A worm (D:2)
  2 oozes (D:2)
  3 goblins
  5 hobgoblins
  6 bats
  2 giant newts
  7 kobolds
  4 rats
35 creatures vanquished.

Notes
Turn   | Place    | Note
--------------------------------------------------------------
     0 | D:1      | DuloT34, the Deep Elf Fire Elementalist, began the quest for the Orb.
     0 | D:1      | Reached XP level 1. HP: 10/10 MP: 5/5
   524 | D:1      | Reached XP level 2. HP: 15/15 MP: 4/8
   822 | D:2      | Reached skill level 4 in Fire Magic
   951 | D:2      | Reached XP level 3. HP: 19/19 MP: 6/10
  1468 | D:2      | Reached XP level 4. HP: 24/24 MP: 9/13
  1601 | D:2      | Learned a level 2 spell: Throw Flame
  1605 | D:2      | Learned a level 3 spell: Conjure Flame
  1624 | D:2      | Noticed Terence
  1832 | D:2      | Killed Terence
  1839 | D:2      | HP: 1/24 [goblin/whip (6)]
  1842 | D:2      | Slain by a goblin

Action                   |  1- 3 |  4- 6 || total
-------------------------+-------+-------++-------
Melee: Unarmed           |     3 |       ||     3
       Dagger            |       |    10 ||    10
Throw: Dart              |     1 |     8 ||     9
 Cast: Flame Tongue      |    61 |     8 ||    69
       Throw Flame       |       |     8 ||     8
       Conjure Flame     |       |     2 ||     2
  Use: Scroll            |     2 |       ||     2
       Potion            |       |     2 ||     2
